 Dungeon Crawl Stone Soup version 0.18.1-48-g4cf74bf (webtiles) character file.

238 PossumBlood the Conjurer (level 5, 0/28 HPs)
             Began as a Deep Elf Conjurer on Aug 25, 2016.
             Slain by Robin
             ... wielding a +4 club
              (5 damage)
             ... on level 2 of the Dungeon.
             The game lasted 00:07:08 (1531 turns).

PossumBlood the Conjurer (Deep Elf Conjurer)        Turns: 1531, Time: 00:07:09

Health: 0/28       AC:  3    Str:  5    XL:     5   Next: 78%
Magic:  8/15       EV: 13    Int: 21    God:
Gold:   147        SH:  0    Dex: 15    Spells: 4 memorised, 2 levels left

rFire  + . .     SeeInvis .     n - +2 quarterstaff (chaos)
rCold  . . .     Gourm    .     a - +0 robe
rNeg   . . .     Faith    .     (shield currently unavailable)
rPois  .         Spirit   .     (no helmet)
rElec  .         Dismiss  .     o - +0 cloak
rCorr  +         Reflect  .     (no gloves)
SustAt .         Harm     .     (no boots)
MR     .....                    (no amulet)
Stlth  ++........               i - ring of resist corrosion
                                j - ring of protection from fire (curse)

@: not resistant to hostile enchantments, unstealthy
A: no striking features
a: no special abilities


You were on level 2 of the Dungeon.
You were not hungry.

You visited 1 branch of the dungeon, and saw 2 of its levels.

You collected 147 gold pieces.

Inventory:

Hand Weapons
 d - a +0 dagger
 n - a +2 quarterstaff of chaos (weapon)
Armour
 a - a +0 robe (worn)
 m - a +0 robe
 o - a +0 cloak (worn)
Jewellery
 h - an uncursed ring of positive energy
 i - a ring of resist corrosion (right hand)
 j - a cursed ring of protection from fire (left hand)
Scrolls
 e - 3 scrolls of fear
 f - 2 scrolls of teleportation
Potions
 k - a potion of agility {unknown}
 l - a potion of berserk rage {unknown}
 p - a potion of mutation {unknown}
Books
 b - a book of Conjurations

   Spells                             Type                      Level
   a - Magic Dart                     Conjuration                  1
   b - Searing Ray                    Conjuration                  2
   c - Dazzling Spray                 Conjuration/Hexes            3
   d - Fulminant Prism                Conjuration/Hexes            4
   e - Iskenderun's Mystic Blast      Conjuration                  4
   f - Iskenderun's Battlesphere      Conjuration/Charms           5
Comestibles
 c - a bread ration
 g - 4 fruits


   Skills:
 - Level 2.4 Dodging
 - Level 2.4 Stealth
 + Level 6.1 Spellcasting
 + Level 6.3 Conjurations


You had 2 spell levels left.
You knew the following spells:

 Your Spells              Type           Power        Failure   Level  Hunger
a - Magic Dart            Conj           ####         1%          1    None
b - Iskenderun's Mystic   Conj           ####....     10%         4    ####...
c - Iskenderun's Battles  Conj/Chrm      ###.....     78%         5    #####..
d - Fulminant Prism       Conj/Hex       ###.......   28%         4    ####...


Dungeon Overview and Level Annotations

Branches:
Dungeon (2/15)

Altars:
Sif Muna

Annotations:
D:2 Robin


Message History

Casting: Magic Dart
Confirm with . or Enter, or press ? or * to list all spells.
Aiming: Magic Dart
Press: ? - help, Shift-Dir - straight line, f/p - Robin
Aim: Robin, wielding an enchanted club, wearing an animal skin and wearing a helmet (lightly wounded)
The magic dart hits Robin.
Robin is heavily wounded.
Robin hits you with an enchanted club. The hobgoblin hits you with a club.
The goblin hits you with a club. The rat barely misses you.
Casting: Magic Dart
Confirm with . or Enter, or press ? or * to list all spells.
Aiming: Magic Dart
Press: ? - help, Shift-Dir - straight line, f/p - Robin
Aim: Robin, wielding an enchanted club, wearing an animal skin and wearing a helmet (heavily wounded)
The magic dart hits Robin.
Robin is almost dead.
The goblin hits you with a club.
* * * LOW HITPOINT WARNING * * *
Robin hits you with an enchanted club.
You die...

#.#######.#
#≈≈...≈≈####..... #..#
#.# #≈≈._...'..#.....
##.# #.#
#≈≈...≈≈##....... #.#
#.# #≈≈≈≈≈≈≈####.....
#.# #.#####≈≈≈≈≈##
#.....
#####.######....########
#.####
.............##.## #.#
#####..########.g###
##### #.# ##.# #.g.
##@g.###...###.# #.#
..... #gr.##.....##.#
#.#
gg.g..#g..#...)...#.#
#.#
gr..g.g...'...†)..#.#
#.#
gg....#...#.......#.####
#.#
.g...##..(##..†..##.....
#.# #...#
#...###...###.#### #.#
#### #...# ##### #.# #.#
#...# #.#


You could see Robin, 3 hobgoblins, a goblin and a rat.

Vanquished Creatures
  Sigmund (D:2)
  Crazy Yiuf (D:2)
  An ooze (D:2)
  A worm (D:2)
  3 giant cockroaches
  14 goblins
  6 hobgoblins
  3 kobolds (D:1)
  4 bats
  2 giant newts
  3 rats
39 creatures vanquished.

Notes
Turn   | Place    | Note
--------------------------------------------------------------
     0 | D:1      | PossumBlood the Deep Elf Conjurer began the quest for the Orb.
     0 | D:1      | Reached XP level 1. HP: 10/10 MP: 6/6
   127 | D:1      | Reached XP level 2. HP: 14/15 MP: 2/8
   781 | D:2      | Reached skill level 5 in Conjurations
   781 | D:2      | Reached XP level 3. HP: 19/19 MP: 5/10
   867 | D:2      | Found a deep blue altar of Sif Muna.
   893 | D:2      | Noticed Sigmund
   901 | D:2      | Killed Sigmund
   901 | D:2      | Reached skill level 5 in Spellcasting
   901 | D:2      | Reached XP level 4. HP: 5/24 MP: 2/13
   901 | D:2      | Reached XP level 5. HP: 6/28 MP: 2/15
  1267 | D:2      | Learned a level 4 spell: Iskenderun's Mystic Blast
  1273 | D:2      | Learned a level 5 spell: Iskenderun's Battlesphere
  1278 | D:2      | Learned a level 4 spell: Fulminant Prism
  1288 | D:2      | Noticed Crazy Yiuf
  1293 | D:2      | Killed Crazy Yiuf
  1367 | D:2      | Noticed Robin
  1531 | D:2      | Slain by Robin

Skill      XL: |  1  2  3  4  5 |
---------------+----------------+-----
Spellcasting   | 4 5 6 |  6.1
Conjurations   | 5 6 |  6.3
Dodging        | |  2.4
Stealth        | |  2.4

Action                   |  1- 3 |  4- 6 || total
-------------------------+-------+-------++-------
 Cast: Magic Dart        |    51 |    35 ||    86
  Use: Scroll            |     2 |       ||     2
  Eat: Bread ration      |       |     1 ||     1
Armor: Robe              |       |     2 ||     2
Dodge: Dodged            |     1 |     9 ||    10
